 Dungeon Crawl Stone Soup version 0.22-a0-348-gd16d139 (webtiles) character file.

2391 Amnesiac the Thrower (level 9, -11/41 HPs)
             Began as a Spriggan Assassin on Apr 9, 2018.
             Was an Initiate of Okawaru.
             Killed from afar by a deep elf mage (31 damage)
             ... with a bolt of lightning
             ... on level 7 of the Dungeon.
             The game lasted 00:15:44 (7836 turns).

Amnesiac the Thrower (Spriggan Assassin)            Turns: 7836, Time: 00:15:46

Health: -11/41     AC:  5    Str: 12    XL:     9   Next: 22%
Magic:  10/10      EV: 14    Int: 13    God:    Okawaru [......]
Gold:   262        SH:  7    Dex: 17    Spells: 6/8 levels left

rFire    . . .     SeeInvis +   b - +1 blowgun
rCold    . . .     Gourm    .   d - +2 buckler
rNeg     . . .     Faith    .   c - +0 robe
rPois    +         Spirit   .   (helmet restricted)
rElec    .         Reflect  .   G - +2 cloak
rCorr    .         Harm     .   (gloves unavailable)
MR       +....                  (boots unavailable)
Stlth    +++.......             m - amulet of the acrobat
HPRegen  0.13/turn              E - ring of poison resistance
MPRegen  0.12/turn              r - +2 ring of strength

@: heavily drained, very quick
A: very small, unfitting armour, see invisible, herbivore, speed 3, slow
metabolism 2
a: Renounce Religion


You were on level 7 of the Dungeon.
You worshipped Okawaru.
Okawaru was noncommittal.
You were not hungry.

You visited 2 branches of the dungeon, and saw 8 of its levels.

You collected 262 gold pieces.

Inventory:

Hand Weapons
 a - a +2 dagger
 b - a +1 blowgun (weapon)
 w - a +0 hunting sling
 C - a +0 falchion of draining
Missiles
 e - 52 poisoned needles (quivered)
 f - 4 curare-tipped needles
 n - a throwing net
 v - 3 tomahawks of dispersal
 y - 131 stones
 A - 31 sling bullets
Armour
 c - a +0 robe (worn)
 d - a +2 buckler (worn)
 G - a +2 cloak (worn)
Jewellery
 m - an amulet of the acrobat (around neck)
 r - a +2 ring of strength (right hand)
 B - a +3 ring of dexterity
 E - a ring of poison resistance (left hand)
Wands
 i - a wand of random effects (14)
 D - a wand of clouds (5)
Scrolls
 j - 4 scrolls of teleportation {!r}
 k - a scroll of amnesia {!r}
 p - 2 scrolls of blinking {!r}
 s - a scroll of fear {!r}
 u - a scroll of fog {!r}
 x - 3 scrolls of identify {!r}
 F - 2 scrolls of remove curse {!r}
 H - a scroll of random uselessness {!r, unknown}
Potions
 h - a potion of curing {!q}
 l - a potion of berserk rage {!q}
 o - a potion of resistance {!q, unknown}
 q - 2 potions of agility {!q, unknown}
 t - 2 potions of brilliance {!q}
 z - a potion of might {!q, unknown}
Comestibles
 g - 16 rations


   Skills:
 - Level 1.5(0.0) Fighting
 + Level 7.8(5.6) Short Blades
 - Level 10.0(7.7) Throwing
 - Level 1.5(0.0) Dodging
 - Level 8.0(5.8) Stealth


You had 6 spell levels left.
You knew the following spells:

 Your Spells              Type           Power        Failure   Level  Hunger
v - Blink                 Tloc           N/A          61%         2    ###....


Dungeon Overview and Level Annotations

Branches:
Dungeon (7/15)             Temple (1/1) D:4

Altars:
Ashenzari
Cheibriados
Dithmenos
Elyvilon
Fedhas
Gozag
Hepliaklqana
Kikubaaqudgha
Makhleb
Okawaru
Qazlal
Ru
Sif Muna
Trog
Uskayaw
Vehumet
Wu Jian
Xom
Yredelemnul
Zin
The Shining One

Shops:
D:4 (

Annotations:
D:7 1 transporter


Innate Abilities, Weirdness & Mutations

You are very small and have problems with some larger weapons.
You are too small for most types of armour.
You have supernaturally acute eyesight. (SInv)
You are a herbivore.
You cover ground extremely quickly.
You need to consume almost no food.


Message History

Quiver which item? (- for none, * to show all) (? for menu, Esc to quit)
Okay, then.
Unknown command.
Press < or > to pray at altars.
b - a +1 blowgun (weapon)
Firing (i - inventory. (/) - cycle)
e - 52 poisoned needles (quivered)
Press: ? - help, Shift-Dir - straight line, f - jelly
Aim: a jelly You shoot a poisoned needle.
The poisoned needle hits the jelly!
The jelly is poisoned.
Unknown command.
Press < or > to pray at altars.
You see here a scroll of identify {!r}.
x - 3 scrolls of identify {!r} (gained 1) Firing (i - inventory. (/) - cycle)
e - 51 poisoned needles (quivered)
Press: ? - help, Shift-Dir - straight line, f/p - jelly
Aim: a jelly (moderately wounded, poisoned)
You shoot a poisoned needle. The poisoned needle hits the jelly!
The jelly is moderately wounded.
Firing (i - inventory. (/) - cycle)
e - 50 poisoned needles (quivered)
Press: ? - help, Shift-Dir - straight line, f/p - jelly
Aim: a jelly (moderately wounded, poisoned)
You shoot a poisoned needle. The poisoned needle hits the jelly!
The jelly is moderately wounded.
Firing (i - inventory. (/) - cycle)
e - 49 poisoned needles (quivered)
Press: ? - help, Shift-Dir - straight line, f/p - jelly
Aim: a jelly (moderately wounded, poisoned)
You shoot a poisoned needle. The poisoned needle hits the jelly!!
The jelly is moderately wounded.
Firing (i - inventory. (/) - cycle)
e - 48 poisoned needles (quivered)
Press: ? - help, Shift-Dir - straight line, f/p - jelly
Aim: a jelly (heavily wounded, poisoned)
You shoot a poisoned needle. The poisoned needle hits the jelly!
The jelly looks as sick as possible!
The jelly is heavily wounded.
You kill the jelly!
Okawaru accepts your kill.
e - 48 poisoned needles (gained 1)
e - 49 poisoned needles (gained 1)
e - 50 poisoned needles (gained 1)
e - 52 poisoned needles (gained 2)
Found a stone staircase leading down.
You now have 262 gold pieces (gained 7).
Partly explored, unvisited transporter.
Partly explored, unvisited transporter.
The deep elf mage shouts!
There is a transporter here.
Evoke which item? (* to show all) (? for menu, Esc to quit)
Okay, then.
You enter the transporter and appear at another place.
Evoke which item? (* to show all) (? for menu, Esc to quit)
Aiming: Cloud Cone
Press: ? - help, Dir - move target cursor, f - deep elf mage
Aim: a deep elf mage, wielding a short sword You create a blast of poison gas!
The deep elf mage is engulfed in poison gas.
The deep elf mage is poisoned.
The deep elf mage gestures at you while chanting.
The bolt of lightning hits you!
Ouch! That really hurt!
* * * LOW HITPOINT WARNING * * *
The bolt of lightning hits you!
Ouch! That really hurt!
You die...

#.########........####.....
#.##..............# #.....
#.#..#########....# #.....
#.#.##..(....##...# #.....
#.#.#8..#.#.§8#...# #.....
#.#.#$/#...#§§#...# ######
#...#$$....§e§#...#
#..©#_$...§§§§#©..#
##..#.[...@W..#..##
##.#$%#...#..#.##
#.#8.(#.#..8#.#
#.##...©...##.#
#..#########..#
##...........##
#############


You could see a freezing wraith and a deep elf mage.

Vanquished Creatures
  2 centaur skeletons (D:6)
  Grinder (D:6)
  Eustachio (D:5)
  Menkaure (D:5)
  An orc warrior (D:6)
  A phantom (D:7)
  A hornet zombie (D:7)
  A sky beast (D:6)
  An ogre (D:4)
  A centaur (D:6)
  2 bullfrogs
  5 wights (D:6)
  4 crimson imps
  A quasit (D:7)
  3 hounds
  3 jellies
  2 orc wizards
  Crazy Yiuf (D:6)
  An iguana (D:5)
  4 worker ants
  A hound skeleton (D:5)
  A howler monkey zombie (D:5)
  12 adders
  A howler monkey skeleton (D:7)
  A shadow imp (D:6)
  A worm (D:3)
  4 leopard geckos
  13 orcs
  3 ball pythons
  8 giant cockroaches
  4 goblins
  9 hobgoblins
  3 jackals (D:6)
  A quokka (D:6)
  7 bats
  6 frilled lizards
  A jackal skeleton (D:5)
  6 kobolds
  3 rats
122 creatures vanquished.

Vanquished Creatures (others)
  A fungus (D:6)
1 creature vanquished.

Grand Total: 123 creatures vanquished

Notes
Turn   | Place    | Note
-------+----------+-------------------------------------------
     0 | D:1      | Amnesiac the Spriggan Assassin began the quest for the Orb.
     0 | D:1      | Reached XP level 1. HP: 10/10 MP: 2/2
   240 | D:2      | Reached XP level 2. HP: 14/14 MP: 3/3
   282 | D:3      | Reached skill level 3 in Throwing
   716 | D:1      | Reached XP level 3. HP: 18/18 MP: 4/4
   932 | D:2      | Found a bloodstained altar of Trog.
  1149 | D:2      | Reached skill level 4 in Throwing
  1333 | D:2      | Reached XP level 4. HP: 22/22 MP: 5/5
  1562 | D:2      | Found a deep blue altar of Sif Muna.
  1740 | D:3      | Found a snail-covered altar of Cheibriados.
  1879 | D:3      | Found a sacrificial altar of Ru.
  2358 | D:3      | Found a shadowy altar of Dithmenos.
  2579 | D:4      | Noticed an ogre
  2597 | D:4      | Killed an ogre
  2597 | D:4      | Reached skill level 5 in Throwing
  2597 | D:4      | Reached XP level 5. HP: 25/25 MP: 6/6
  2652 | D:4      | Reached skill level 6 in Throwing
  2792 | D:4      | Found a burning altar of Makhleb.
  2938 | D:4      | Found a staircase to the Ecumenical Temple.
  2939 | D:4      | Found Sibles's Antique Weapon Shoppe.
  2950 | Temple   | Entered the Ecumenical Temple
  3095 | D:4      | Found an opulent altar of Gozag.
  3413 | D:4      | Reached XP level 6. HP: 30/30 MP: 7/7
  3549 | D:5      | Entered Level 5 of the Dungeon
  3549 | D:5      | Noticed Eustachio
  3588 | D:5      | Killed Eustachio
  3588 | D:5      | Reached skill level 7 in Throwing
  3653 | D:5      | Noticed Menkaure
  3675 | D:5      | Killed Menkaure
  3675 | D:5      | Reached skill level 8 in Throwing
  3675 | D:5      | Reached XP level 7. HP: 10/33 MP: 8/8
  5339 | D:6      | Reached skill level 9 in Throwing
  5339 | D:6      | Reached XP level 8. HP: 32/37 MP: 9/9
  5564 | D:6      | Reached skill level 10 in Throwing
  5617 | D:6      | Noticed Grinder
  5666 | D:6      | Killed Grinder
  5753 | D:6      | Reached skill level 5 in Short Blades
  6119 | D:6      | Learned a level 2 spell: Blink
  6675 | D:6      | Reached XP level 9. HP: 20/41 MP: 10/10
  6868 | D:6      | Found a runed door.
  6969 | D:6      | Noticed Crazy Yiuf
  6973 | D:6      | Killed Crazy Yiuf
  7090 | D:7      | Found a blossoming altar of Fedhas.
  7431 | D:7      | Found a burning altar of Makhleb.
  7436 | D:7      | Found an ornate altar of the Wu Jian Council.
  7653 | D:7      | Noticed a deep elf mage
  7655 | D:7      | Found a transporter.
  7655 | D:7      | Noticed a freezing wraith
  7664 | D:7      | Found a transporter.
  7673 | D:7      | Found a white marble altar of Elyvilon.
  7711 | D:7      | Found an iron altar of Okawaru.
  7718 | D:7      | Became a worshipper of Warmaster Okawaru
  7836 | D:7      | Killed from afar by a deep elf mage

Vault maps used:
D:1:      tarquinn_simple_flora_water_d, minivault_19
D:2:      lightli_temple_of_fire, lemuel_blue_sif_altar, minmay_door_square
D:3:      nicolae_ru_the_path_less_chosen, cheibriados_altar_1,
          grunt_dithmenos_smoke_and_mirrors, first_ration, serial_glass,
          glass_columns_a, glass_columns_a, glass_columns_c
D:4:      lemuel_doored_altar, nicolae_gozag_seed_capital, temple_fountains,
          serial_shops, nicolae_shop_overgrown_old_shop
D:5:      uniq_eustachio, uniq_menkaure
D:6:      uniq_grinder, uniq_crazy_yiuf_cottage
D:7:      gammafunk_temple_overflow_arena, fedhas_altar_1, lemuel_crystal_altar,
          okawaru_gym_becter, basic_altar, amethyst_killhole
Temple:   eino_temple_lava

Skill      XL: |  1  2  3  4  5  6  7  8  9 |
---------------+----------------------------+-----
Throwing       | 3 4 5 6 8 9 10 | 10.0
Stealth        | 6 7 8 |  8.0
Short Blades   | 6 7 |  7.8
Fighting       | |  1.5
Dodging        | |  1.5

Action                   |  1- 3 |  4- 6 |  7- 9 || total
-------------------------+-------+-------+-------++-------
Melee: Dagger            |   126 |    63 |   196 ||   385
       Falchion          |       |       |     4 ||     4
 Fire: Blowgun           |       |    24 |   100 ||   124
       Hunting sling     |       |       |    67 ||    67
Throw: Throwing net      |       |     1 |     1 ||     2
Evoke: Wand              |       |       |     1 ||     1
  Use: Scroll            |       |       |    11 ||    11
       Potion            |       |       |     4 ||     4
 Stab: Sleeping          |    11 |     6 |     9 ||    26
       Held in net/web   |       |     1 |     1 ||     2
  Eat: Ration            |       |       |     2 ||     2
Armor: Robe              |    18 |     2 |    11 ||    31
Dodge: Dodged            |    79 |    34 |   118 ||   231
Block: Buckler           |    29 |     8 |    59 ||    96
       Rpst.: Falchion   |       |       |     2 ||     2

Table legend:
 A = Spawn XP
 B = Non-spawn XP
 C = Spawn XP percentage of total XP
 D = Spawn monster count
 E = Non-spawn monster count
 F = Spawn count percentage of total count
 G = Total turns spent on level
                    A         B        C        D         E        F      G
               +---------+---------+-------+---------+---------+-------+---------
         Total |       0 |    3416 |   0.0 |       0 |     122 |   0.0 |  7836
               +---------+---------+-------+---------+---------+-------+---------
           D:1 |       0 |      30 |   0.0 |       0 |      18 |   0.0 |   737
           D:2 |       0 |      88 |   0.0 |       0 |      25 |   0.0 |  1103
           D:3 |       0 |      31 |   0.0 |       0 |      10 |   0.0 |   919
           D:4 |       0 |     255 |   0.0 |       0 |       8 |   0.0 |  1199
           D:5 |       0 |     802 |   0.0 |       0 |      22 |   0.0 |  1579
           D:6 |       0 |    1728 |   0.0 |       0 |      29 |   0.0 |  1378
           D:7 |       0 |     482 |   0.0 |       0 |      10 |   0.0 |   814
               +---------+---------+-------+---------+---------+-------+---------
